AoeStats
← Tetsu.Japan

Arena

506409298Analyzed
4v4 RM · 19d ago on Sep 13, 2026· 71m 1s· 8 players
Game mode
Random Map
Map size
Large (8 player)
Population
200
Speed
Normal
Resources
Standard
Victory
Conquest
Starting age
Dark Age
Ending age
Imperial Age
RankedLock teamsTeams togetherTeam positionsShared explorationLock speedFull tech treeHidden civsTurbo modeCheats
Victory
Defeat
🇯🇵 Persians · Japan
1666
+10
🇯🇵 Turks · Japan
1629
+11
🇯🇵 Romans · Japan
1513
+16
🇯🇵 Italians · Japan
1274
+24
🇩🇪 Koreans · Germany
1602
-19
🇩🇪 Teutons · Germany
1564
-18
🇩🇪 Japanese · Germany
1455
-13
🇩🇪 Khmer · Germany
1391
-11
Öl1ng
9:29 Feudal Age
9:39 Feudal Age
11:35 Double-Bit Axe
14:02 Castle Age
11:51 Double-Bit Axe
12:04 Horse Collar
15:01 Gold Mining
16:40 Squires
19:27 Scale Mail Armor
19:45 Loom
25:18 Horse Collar
25:50 Bow Saw
28:49 Heavy Plow
30:29 Wheelbarrow
29:40 Town Watch
30:36 Fletching
31:43 Hand Cart
31:43 Elite Skirmisher
32:19 Bodkin Arrow
32:54 Ballistics
34:01 Eupseong
39:07 Caravan
42:59 Imperial Age
41:42 Arson
42:51 Chain Mail Armor
42:46 Forging
43:01 Elite Fire Lancer
43:44 Bracer
44:58 Chemistry
44:09 Masonry
44:46 Fortified Wall
44:49 Masonry
44:46 Siege Engineers
46:30 Plate Mail Armor
46:10 Forging
48:37 Two-Man Saw
47:55 Pikeman
48:24 Gambesons
49:22 Iron Casting
49:44 Guilds
49:02 Halberdier
49:37 Arrowslits
49:34 Treadmill Crane
50:24 Architecture
49:51 Murder Holes
53:12 Thumb Ring
60:58 Coinage
63:42 Capped Ram
105er.DarkSheep
5:24 Loom
10:55 Feudal Age
12:17 Double-Bit Axe
14:48 Castle Age
12:33 Horse Collar
14:54 Bloodlines
14:51 Gold Mining
16:05 Bow Saw
17:02 Bow Saw
22:00 Wheelbarrow
25:01 Hand Cart
25:24 Loom
25:41 Town Watch
27:57 Forging
30:38 Imperial Age
28:45 Gold Shaft Mining
28:02 Stone Mining
28:53 Heavy Plow
29:34 Scale Barding Armor
29:06 Light Cavalry
29:47 Husbandry
30:46 Chain Barding Armor
32:03 Plate Barding Armor
31:51 Hussar
33:23 Iron Casting
35:29 Blast Furnace
37:24 Heavy Scorpion
38:07 Double Crossbow
39:35 Conscription
39:22 Caravan
41:59 Chemistry
41:19 Siege Engineers
41:59 Crop Rotation
42:41 Ballistics
42:30 Siege Engineers
42:36 Masonry
43:10 Fletching
45:10 Stone Shaft Mining
44:39 Bodkin Arrow
45:25 Hoardings
45:59 Architecture
45:10 Elite Battle Elephant
46:16 Bracer
58:03 Fortified Wall
60:07 Coinage
59:53 Town Patrol
JamesNewstedd
11:32 Feudal Age
15:16 Castle Age
13:30 Double-Bit Axe
14:31 Horse Collar
16:10 Bow Saw
16:59 Wheelbarrow
16:30 Heavy Plow
19:13 Fervor
23:08 Hand Cart
23:14 Gold Mining
23:39 Stone Mining
26:30 Stone Shaft Mining
28:42 Imperial Age
27:11 Scale Barding Armor
27:25 Masonry
27:35 Ballistics
28:11 Scale Mail Armor
28:32 Chain Barding Armor
28:59 Forging
29:07 Chain Mail Armor
29:17 Fletching
29:55 Ironclad
30:34 Plate Barding Armor
30:30 Plate Mail Armor
30:37 Iron Casting
32:02 Two-Man Saw
31:28 Conscription
31:31 Crenellations
30:42 Sappers
31:33 Bloodlines
30:43 Cavalier
33:00 Blast Furnace
34:10 Crop Rotation
33:36 Paladin
34:13 Town Watch
34:32 Caravan
36:28 Squires
35:53 Pikeman
36:29 Arson
39:10 Halberdier
39:47 Bodkin Arrow
40:45 Fortified Wall
40:21 Arrowslits
41:37 Chemistry
48:41 Onager
54:06 Siege Engineers
61:00 Guilds
61:21 Coinage
61:28 Elite Teutonic Knight
62:46 Hoardings
62:35 Siege Onager
105er.James Newstedd
10:19 Feudal Age
10:42 Loom
11:36 Double-Bit Axe
14:05 Castle Age
11:56 Loom
13:10 Horse Collar
16:06 Scale Mail Armor
16:18 Bow Saw
22:38 Gold Mining
28:15 Chain Mail Armor
28:41 Wheelbarrow
28:20 Heavy Plow
28:22 Stone Mining
30:12 Fortified Wall
31:54 Hand Cart
34:48 Imperial Age
35:56 Gold Shaft Mining
35:23 Fletching
35:33 Padded Archer Armor
35:56 Ballistics
36:36 Chemistry
35:59 Bodkin Arrow
36:44 Conscription
36:39 Heavy Cavalry Archer
37:44 Parthian Tactics
38:07 Thumb Ring
37:53 Town Watch
41:50 Bracer
42:58 Leather Archer Armor
42:55 Forging
47:47 Ring Archer Armor
47:53 Iron Casting
47:49 Plate Mail Armor
49:03 Squires
48:49 Arson
48:33 Pikeman
49:46 Plate Mail Armor
50:24 Two-Man Saw
60:55 Halberdier
64:38 Caravan
happikon.6139
11:24 Feudal Age
11:34 Feudal Age
16:34 Castle Age
14:38 Double-Bit Axe
16:24 Double-Bit Axe
17:39 Horse Collar
20:33 Imperial Age
18:13 Gold Mining
19:23 Bow Saw
20:47 Wheelbarrow
22:34 Loom
23:30 Padded Archer Armor
25:58 Heavy Plow
27:07 Sanctity
30:52 Leather Archer Armor
32:24 Ring Archer Armor
31:59 Town Watch
32:35 Fervor
35:22 Bloodlines
35:12 Husbandry
36:12 Husbandry
36:50 Heavy Camel Rider
37:47 Scale Barding Armor
38:30 Forging
38:59 Chain Barding Armor
39:56 Iron Casting
40:39 Plate Barding Armor
40:32 Stone Mining
41:20 Gold Shaft Mining
42:24 Hand Cart
43:27 Blast Furnace
46:30 Fletching
48:02 Conscription
47:56 Caravan
50:03 Bombard Tower
50:04 Ballistics
49:54 Artillery
51:14 Bodkin Arrow
52:03 Bracer
53:30 Treadmill Crane
54:41 Coinage
54:22 Guilds
61:27 Masonry
61:13 Murder Holes
61:40 Guilds
62:02 Banking
63:42 Capped Ram
EM
11:05 Feudal Age
14:54 Castle Age
13:24 Double-Bit Axe
13:30 Gold Mining
15:54 Horse Collar
16:50 Bow Saw
24:38 Fletching
24:45 Loom
25:30 Ballistas
28:04 Ballistics
30:43 Wheelbarrow
32:39 Hand Cart
36:53 Imperial Age
34:00 Pikeman
34:48 Squires
34:50 Scale Mail Armor
35:26 Bodkin Arrow
35:52 Chain Mail Armor
36:28 Forging
36:58 Halberdier
39:49 Conscription
39:57 Heavy Scorpion
40:14 Capped Ram
42:35 Chemistry
42:54 Bodkin Arrow
43:28 Heavy Plow
43:20 Stone Mining
44:07 Gold Shaft Mining
44:00 Siege Engineers
45:16 Murder Holes
45:32 Caravan
46:04 Siege Ram
51:56 Iron Casting
52:43 Bloodlines
52:34 Husbandry
52:58 Light Cavalry
55:38 Guilds
61:04 Blast Furnace
60:44 Coinage
61:32 Masonry
71:58 Banking
Tetsu.Japan
5:28 Loom
11:09 Feudal Age
15:52 Castle Age
14:10 Double-Bit Axe
14:22 Horse Collar
15:58 Stone Mining
17:20 Bow Saw
24:32 Fletching
46:37 Wheelbarrow
47:38 Gold Mining
49:00 Town Watch
49:25 Heavy Plow
49:33 Caravan
50:01 Silk Road
50:36 Stone Shaft Mining
51:01 Bodkin Arrow
53:14 Padded Archer Armor
54:47 Hand Cart
59:05 Imperial Age
58:10 Thumb Ring
58:28 Ballistics
58:57 Masonry
59:48 Leather Archer Armor
59:18 Capped Ram
61:12 Chemistry
60:27 Bloodlines
60:57 Conscription
59:58 Elite Genoese Crossbowman
62:31 Two-Man Saw
62:04 Crop Rotation
61:31 Onager
62:40 Onager
64:58 Husbandry
64:20 Light Cavalry
65:40 Elite Skirmisher
65:53 Hussar
70:08 Scale Barding Armor
70:04 Bracer
70:34 Ring Archer Armor
70:25 Scale Barding Armor
Rito
10:07 Feudal Age
13:54 Castle Age
11:43 Double-Bit Axe
12:04 Horse Collar
14:54 Bow Saw
19:57 Stone Mining
20:25 Gold Mining
22:05 Gold Shaft Mining
22:09 Wheelbarrow
22:31 Heavy Plow
22:31 Loom
24:46 Gold Shaft Mining
27:32 Imperial Age
25:22 Scale Barding Armor
25:28 Forging
25:41 Bloodlines
26:18 Husbandry
26:40 Chain Barding Armor
27:37 Iron Casting
27:19 Hand Cart
26:50 Town Watch
28:06 Coinage
27:28 Cavalier
28:56 Plate Barding Armor
31:06 Town Patrol
33:17 Blast Furnace
32:08 Savar
32:58 Fletching
33:34 Ballistics
34:57 Bodkin Arrow
35:26 Conscription
35:17 Citadels
37:12 Squires
36:32 Pikeman
39:05 Chemistry
39:01 Hoardings
40:06 Guilds
43:05 Banking
42:35 Caravan
43:13 Light Cavalry
45:17 Caravan
45:16 Hussar
49:38 Two-Man Saw
53:12 Crop Rotation
53:56 Capped Ram
58:34 Siege Ram
59:33 Masonry
59:58 Padded Archer Armor
70:16 Elite War Elephant
Connection lost

Rejoining the realm…

Still unreachable

The connection could not be restored.

Session expired

The server has moved on; the page needs a fresh start.